Map: King's Cove LE

Players

Smileblind - Winner!

  • Race: Protoss Protoss
  • League: Silver
  • Spawn Location: 5:00

VOD

Have the link to the VOD?

Description

Time

  • Played on: Feb. 7, 2019, 5:15 a.m.
  • Length: 14:47
Show
View Real Time Build Order
Export as new Build Order

Smileblind Protoss - Winner!

Build Orders:  

Get SALT Encoding   

  12  0:04  Probe (Chrono Boost)  
  14  0:21  Probe (Chrono Boost)  
  14  0:30  Pylon  
  14  0:38  Probe (Chrono Boost)  
  15  0:52  Probe (Chrono Boost)  
  16  1:04  Probe (Chrono Boost)  
  16  1:07  Gateway  
  17  1:17  Probe (Chrono Boost)  
  18  1:24  Assimilator  
  18  1:34  Probe (Chrono Boost)  
  18  1:35  Assimilator  
  20  1:51  Probe (Chrono Boost)  
  20  1:53  Pylon  
  20  2:07  Gateway  
  20  2:08  Probe (Chrono Boost)  
  21  2:25  Probe (Chrono Boost)  
  22  2:30  Cybernetics Core  
  22  2:42  Probe (Chrono Boost)  
  22  2:46  Pylon  
  23  2:55  Gateway  
  23  3:04  Gateway  
  23  3:24  Pylon  
  27  4:04  Unknown  
  27  4:05  Stalker  
  31  4:12  Stalker  
  31  4:14  Unknown  
  33  4:21  Stalker  
  35  4:42  Warp Gate  
  35  4:46  Unknown  
  35  5:02  Nexus  
  35  5:18  Shield Battery  
  35  5:23  Stalker  
  37  5:32  Stalker  
  39  5:43  Probe (Chrono Boost)  
  41  6:00  Probe (Chrono Boost)  
  41  6:14  Assimilator  
  41  6:16  Probe (Chrono Boost)  
  41  6:18  Assimilator  
  42  6:24  Pylon  
  42  6:27  Probe (Chrono Boost)  
  42  6:38  Probe (Chrono Boost)  
  43  6:44  Probe (Chrono Boost)  
  43  6:48  Twilight Council  
  45  6:53  Probe (Chrono Boost)  
  45  6:55  Probe (Chrono Boost)  
  47  7:08  Probe (Chrono Boost)  
  49  7:10  Probe (Chrono Boost)  
  49  7:18  Robotics Facility  
  49  7:28  Forge  
  45  7:51  Stalker x2  
  45  7:52  Stalker  
  47  8:07  Stalker  
  47  8:09  Protoss Ground Weapons Level 1  
  47  8:36  Shield Battery, Probe (Chrono Boost)  
  47  8:39  Probe (Chrono Boost)  
  49  8:47  Probe (Chrono Boost)  
  49  8:56  Probe (Chrono Boost)  
  49  8:57  Immortal  
  55  9:10  Charge  
  55  9:25  Templar Archives  
  55  9:38  Zealot x3  
  61  9:50  Pylon  
  61  9:52  Pylon  
  61  9:57  Observer  
  62  10:06  Probe (Chrono Boost)  
  63  10:17  Probe (Chrono Boost)  
  63  10:27  Sentry  
  63  10:29  Sentry  
  68  10:30  Sentry  
  68  10:31  Probe (Chrono Boost)  
  68  10:33  High Templar  
  73  10:45  Gateway  
  73  10:46  Gateway  
  73  10:47  Probe (Chrono Boost)  
  74  10:50  Gateway  
  74  11:01  High Templar, Protoss Ground Weapons Level 2  
  74  11:02  High Templar x2  
  74  11:04  Probe (Chrono Boost)  
  74  11:08  Archon x2  
  81  11:12  Immortal  
  85  11:29  Pylon  
  85  11:31  Pylon  
  85  11:56  Zealot x4  
  93  12:03  Stalker  
  95  12:14  Zealot  
  95  12:15  Zealot  
  95  12:16  Unknown  
  98  12:51  Stalker x2  
  84  13:30  Zealot x3  
  84  13:31  Zealot x3  
  84  13:32  Zealot  
  80  14:20  Zealot x3  
  80  14:21  Zealot x3  
  80  14:22  Zealot  
Tags
 
Add a new tag
Caveats
  • Supply blocks, unpowered buildings, or Contaminate may cause inaccurate times.
  • Supply counts are checked every 10 seconds.